 Dungeon Crawl Stone Soup version 0.29-a0-284-gf9362112df (webtiles) character file.

Game seed: 14756934501036362646

58 sammy202020 the Skirmisher (level 3, 0/31 HPs)
             Began as a Palentonga Fighter on Mar 20, 2022.
             Slain by a quokka (3 damage)
             ... on level 3 of the Dungeon.
             The game lasted 00:02:01 (1664 turns).

sammy202020 the Skirmisher (Palentonga Fighter)     Turns: 1664, Time: 00:02:03

Health: 0/31       AC:  6    Str: 19    XL:     3   Next: 76%
Magic:  3/3        EV:  7    Int: 10    God:
Gold:   147        SH:  4    Dex:  9    Spells: 2/2 levels left

rFire   . . .      SeeInvis +   a - +0 flail
rCold   . . .      Faith    .   c - +0 buckler
rNeg    . . .      Spirit   .   b - +0 scale mail
rPois   .          Reflect  .   (no helmet)
rElec   .          Harm     .   (no cloak)
rCorr   .          Rampage  .   (no gloves)
Will    .....                   (no barding)
Stlth   ..........              (no amulet)
HPRegen 0.10/turn               (no ring)
MPRegen 0.08/turn               (no ring)

@: mighty
A: large, rugged brown scales 3, see invisible, deformed body, roll 1, armoured
tail
a: Rolling Charge


You were on level 3 of the Dungeon.
You visited 1 branch of the dungeon, and saw 3 of its levels.

You collected 147 gold pieces.

Inventory:

Hand Weapons
 a - a +0 flail (weapon)
Armour
 b - a +0 scale mail (worn)
 c - a +0 buckler (worn)
Jewellery
 k - an amulet of faith
Scrolls
 e - 5 scrolls of identify {unknown}
 h - a scroll of acquirement {unknown}
 l - a scroll of immolation
Potions
 f - 4 potions of degeneration {unknown}
 g - 2 potions of haste {unknown}
 i - 2 potions of curing {unknown}
 j - a potion of heal wounds {unknown}


   Skills:
 * Level 3.6 Fighting
 * Level 2.9 Maces & Flails
 + Level 2.7 Armour
 + Level 2.7 Shields


You had 2 spell levels left.
You didn't know any spells.
Your spell library contained the following spells:

 Spells                   Type           Power      Damage    Failure   Level
 Sting                    Tmut/Pois      0%         1d3       80%         1
 Poisonous Vapours        Pois/Air       0%         N/A       91%         2
 Olgreb's Toxic Radiance  Pois           0%         N/A       100%        4


Dungeon Overview and Level Annotations

Branches:
Dungeon (3/15)

Altars:

Annotations:
D:3 Grinder


Innate Abilities, Weirdness & Mutations

You are completely covered in rugged brown scales. (AC +3, +7% HP)
You have supernaturally acute eyesight. (SInv)
Armour fits poorly on your strangely shaped body.
You can roll at nearby foes to attack.
You have a long armoured tail.


Message History

You see here 2 boomerangs.
The dart slug launches a dart at you.
The slug dart hits you but does no damage.
Grinder blinks!
The dart slug launches a dart at you. The slug dart misses you.
You barely miss the quokka. The quokka bites you.
The quokka bites you but does no damage.
You closely miss the quokka.
The quokka bites you but does no damage.
You block the quokka's attack.
You hit Grinder.
Grinder is lightly wounded.
Grinder hits you.
You writhe in agony.
The quokka bites you. Grinder gestures at you. Pain shoots through your body!
* * * LOW HITPOINT WARNING * * *
You are too injured to fight recklessly!
You are too injured to fight recklessly!
You are too injured to fight recklessly!
You are too injured to fight recklessly!
You are too injured to fight recklessly!
You are too injured to fight recklessly!
You are too injured to fight recklessly!
You are too injured to fight recklessly!
You are too injured to fight recklessly!
You are too injured to fight recklessly!
You are too injured to fight recklessly!
You are too injured to fight recklessly!
You are too injured to fight recklessly!
You are too injured to fight recklessly!
You are too injured to fight recklessly!
Unknown command.
Okay, then.
You feel very mighty all of a sudden. The quokka completely misses you.
Grinder blinks!
You miss the quokka. The quokka bites you.
* * * LOW HITPOINT WARNING * * *
The quokka bites you.
You die...

.. ..##### ##### #..
#..##...# #....
.#..###.........## #....
.......#.........###....
. ....................).
...#...$..............#.
.._..............#######
......r@..##...#.# #
.#.##.w#.######†.#### ##
........(......###.###.
...#.#.#....###..#.#.#.#
##.....#...## #..#.#.#.#
......^..5# #.#.###.##
#####......# #.#######.
........# ##.# #....
###.##### #>.####.###


You could see Grinder, a dart slug and a quokka.

Vanquished Creatures
  An adder (D:2)
  2 worms
  A dart slug (D:3)
  An orc (D:3)
  4 bats
  5 endoplasms
  4 giant cockroaches
  4 goblins
  2 hobgoblins
  A quokka (D:2)
  3 ball pythons
  2 frilled lizards
  2 kobolds
  5 rats
37 creatures vanquished.

Notes
Turn   | Place    | Note
-------+----------+-------------------------------------------
     0 | D:1      | sammy202020 the Palentonga Fighter began the quest for the
                  | Orb.
     0 | D:1      | Reached XP level 1. HP: 19/19 MP: 1/1
   280 | D:1      | Reached XP level 2. HP: 25/25 MP: 2/2
   733 | D:2      | Reached XP level 3. HP: 31/31 MP: 3/3
  1655 | D:3      | Noticed Grinder
  1657 | D:3      | Found a faded altar of an unknown god.
  1664 | D:3      | Slain by a quokka

Illustrated notes

Levels and vault maps discovered:
D:1:      minmay_arrival_arboretum_small, layout_rooms, serial_forest,
          infiniplex_forest_3_way, infiniplex_forest_clump_tiny,
          infiniplex_forest_diagonal, infiniplex_forest_corner_1,
          infiniplex_forest_clump_tiny, infiniplex_forest_clump_curved,
          infiniplex_forest_lined_ring, infiniplex_forest_corner_1
D:2:      layout_loops_ring, minmay_heptomino_h4
D:3:      layout_rooms, hellmonk_ecumenical_altar_blasted, hex_large,
          grunt_decor_resistance, minmay_misc_feat_pillars, minivault_25,
          minmay_misc_feat_square, uniq_terence, uniq_grinder

Action                   || total
-------------------------++-------
Melee: Flail             ||   111
       Tailslap          ||    10
 Abil: Rolling Charge    ||     4
  Use: Potion            ||     1
Armor: Scale mail        ||    56
Dodge: Dodged            ||    41
Block: Buckler           ||    21

Table legend: (Time is in decaauts)
 A = Elapsed time spent in this place.
 B = Non-inter-level travel time spent in this place.
 C = Inter-level travel time spent in this place.
 D = Time resting spent in this place.
 E = Time spent auto-exploring this place.
 F = Levels seen in this place.
 G = Mean time per level.
                   A        B        C        D        E       F      G
               +--------+--------+--------+--------+--------+-----+--------+
         Total |   1697 |   1697 |      0 |      0 |   1403 |   3 |  565.7 |
       Dungeon |   1697 |   1697 |      0 |      0 |   1403 |   3 |  565.7 |
               +--------+--------+--------+--------+--------+-----+--------+

Top non-repeatable levels by time:
     D:1: 617 daAuts
     D:2: 559 daAuts
     D:3: 519 daAuts
